 Dungeon Crawl Stone Soup version 0.17-a0-1450-g7e755d1 (webtiles) character file.

1113 Fizybubbleh the Destroyer (level 8, 0/57 HPs)
             Began as a Yellow Draconian Conjurer on June 30, 2015.
             Was a Follower of Vehumet.
             Killed from afar by alphacentauri's ghost (24 damage)
             ... with a spray of energy
             ... on level 5 of the Dungeon.
             The game lasted 00:31:17 (7108 turns).

Fizybubbleh the Destroyer (DrCj)                    Turns: 7108, Time: 00:31:17

Health: 0/57       AC:  7    Str: 10    XL:     8   Next: 11%
Magic:  0/14       EV: 12    Int: 20    God:    Vehumet [*.....]
Gold:   284        SH:  0    Dex: 13    Spells: 4 memorised, 6 levels left

rFire  . . .     SeeInvis .     n - +2 short sword (flame)
rCold  . . .     Clarity  .     (armour unavailable)
rNeg   + . .     SustAt   .     (no shield)
rPois  .         Gourm    .     (helmet restricted)
rElec  .         Spirit   .     (no cloak)
rCorr  +         Warding  .     (no gloves)
rMut   .         Stasis   .     q - +0 pair of boots
MR     .....                    (no amulet)
Stlth  ++........               C - ring of positive energy
                                p - +3 ring of intelligence

@: short of breath, not resistant to hostile enchantments, unstealthy
A: spit acid, acid resistance, unfitting armour, cold-blooded, AC +6
a: Spit Acid, Renounce Religion


You were on level 5 of the Dungeon.
You worshipped Vehumet.
Vehumet was aware of your devotion.
You were not hungry.

You visited 2 branches of the dungeon, and saw 6 of its levels.
You also visited: Sewer.

You collected 284 gold pieces.

Inventory:

Hand weapons
 c - a +0 club
 g - a +0 short sword
 n - a +2 short sword of flaming (weapon)
Missiles
 u - 105 stones (quivered)
Armour
 q - a +0 pair of boots (worn)
Jewellery
 p - a +3 ring of intelligence (left hand)
 C - a ring of positive energy (right hand)
Magical devices
 t - a wand of random effects (26)
Scrolls
 d - 2 scrolls of fear {unknown}
 h - 2 scrolls of blinking {unknown}
 i - a scroll of enchant armour {unknown}
 m - a scroll of fog {unknown}
 o - 3 scrolls of remove curse {unknown}
 v - a scroll of magic mapping {unknown}
 w - a scroll of immolation {unknown}
 y - a scroll of recharging {unknown}
 B - a scroll of amnesia {unknown}
Potions
 e - 8 potions of curing
 j - 2 potions of heal wounds
 l - 5 potions of might
 r - a potion of resistance
 s - a potion of flight
 z - a potion of degeneration {unknown}
Books
 a - a book of Conjurations

   Spells                             Type                      Level
   a - Magic Dart                     Conjuration                  1
   b - Searing Ray                    Conjuration                  2
   c - Dazzling Spray                 Conjuration/Hexes            3
   d - Fulminant Prism                Conjuration/Hexes            4
   e - Iskenderun's Mystic Blast      Conjuration                  4
   f - Iskenderun's Battlesphere      Conjuration/Charms           5
Comestibles
 b - 3 bread rations
 f - a slice of pizza
 k - 2 meat rations
 x - a beef jerky
 A - 3 fruits


   Skills:
 - Level 1.9 Dodging
 - Level 2.3 Stealth
 + Level 4.5 Spellcasting
 - Level 9.2 Conjurations


You had 6 spell levels left.
You knew the following spells:

 Your Spells              Type           Power        Failure   Level  Hunger
a - Magic Dart            Conj           ####         1%          1    None
b - Searing Ray           Conj           #####.       1%          2    #......
c - Dazzling Spray        Conj/Hex       ###.....     8%          3    ##.....
d - Iskenderun's Mystic   Conj           #####...     3%          4    ####...


Dungeon Overview and Level Annotations

Branches:
Dungeon (5/15)             Temple (1/1) D:4

Altars:
Ashenzari
Dithmenos
Fedhas
Gozag
Kikubaaqudgha
Makhleb
Nemelex Xobeh
Okawaru
Qazlal
Ru
Sif Muna
Vehumet
Xom
Yredelemnul
Zin

Annotations:
D:3 exclusion: skeleton, Ijyb
D:4 exclusion: Dowan, Dowan, Duvessa
D:5 Prince Ribbit; alphacentauri's ghost, experienced OpCj


Innate Abilities, Weirdness & Mutations

You can spit globs of acid.
You are resistant to acid.
Your golden yellow scales are hard (AC +6).
Your body does not fit into most forms of armour.
You are cold-blooded and may be slowed by cold attacks.


Message History

You now have 10/14 mp.
Aim: alphacentauri's ghost (heavily damaged, covered in acid)
The orb of energy hits alphacentauri's ghost.
Alphacentauri's ghost stares at you and mumbles some strange words.
The spray of energy hits you!
You take 17 damage, and have 23/57 hp.
MASSIVE DAMAGE!!
You now have 6/14 mp.
Aim: alphacentauri's ghost (severely damaged, covered in acid)
The orb of energy hits alphacentauri's ghost.
The orb of energy explodes!
You now have 2/14 mp.
Aim: alphacentauri's ghost (almost destroyed, covered in acid)
The magic dart hits alphacentauri's ghost.
You now have 1/14 mp.
Aim: alphacentauri's ghost (almost destroyed, covered in acid)
The magic dart hits alphacentauri's ghost.
Alphacentauri's ghost casts a spell at you.
The spray of energy hits you!
You die...

.# ##.....# ..O... ##.# ##......#
...... #.. #.......# ...... #.#
#.......# ....W.
####.#######.......# ......
#..........#.......# ......
#...รท......#.......###
#.....######..........#..........
......)......(.W@................
...##.#..........................
>............................<...
....#...#...#####.##......##.....
###..##.#...# #.##......##.....
.... #.#...## #.##..........#.#
#.#.# #.###..# .##.......####.#
.### ..# ##.## .##.......# #..
### #..# #.......# ###


You could see alphacentauri's ghost.

Vanquished Creatures
  Grinder (D:3)
  An ice beast (D:3)
  2 ogres (D:5)
  A phantom (D:5)
  3 hounds
  3 crimson imps (D:5)
  An orc wizard (D:3)
  A giant frog skeleton (D:4)
  Jessica (D:3)
  2 worker ants (D:4)
  Robin (D:3)
  6 adders
  2 oozes
  2 worms
  2 giant geckos
  7 orcs (D:3)
  16 bats
  18 goblins
  15 hobgoblins
  7 jackals
  12 kobolds
  A quokka (D:5)
  7 ball pythons
  A ball python zombie (D:5)
  4 giant cockroaches
  10 giant newts
  A quokka skeleton (D:4)
  23 rats
151 creatures vanquished.

Notes
Turn   | Place    | Note
--------------------------------------------------------------
     0 | D:1      | Fizybubbleh the Draconian Conjurer began the quest for the Orb.
     0 | D:1      | Reached XP level 1. HP: 14/14 MP: 3/3
     2 | D:1      | Noticed an electric eel
   301 | D:1      | Reached XP level 2. HP: 20/20 MP: 3/5
   928 | D:2      | Reached XP level 3. HP: 23/26 MP: 0/6
   983 | D:2      | Learned a level 2 spell: Searing Ray
   987 | D:2      | Learned a level 3 spell: Dazzling Spray
  1102 | D:2      | Found a shimmering altar of Xom.
  1606 | D:2      | Found an opulent altar of Gozag.
  1725 | D:2      | Reached skill level 5 in Conjurations
  2163 | D:2      | Reached XP level 4. HP: 33/33 MP: 4/7
  2427 | D:3      | Noticed Ijyb
  2521 | D:3      | Noticed Jessica
  2928 | D:3      | Noticed an ice beast
  2931 | D:3      | Noticed Grinder
  2969 | D:3      | Killed an ice beast
  2969 | D:3      | Reached skill level 6 in Conjurations
  2969 | D:3      | Reached XP level 5. HP: 34/38 MP: 6/8
  2973 | D:3      | Killed Grinder
  2973 | D:3      | Reached skill level 7 in Conjurations
  2973 | D:3      | Reached XP level 6. HP: 22/45 MP: 6/9
  3082 | D:3      | Found a glowing drain.
  3098 | Sewer    | Entered a sewer
  4062 | D:3      | Noticed Robin
  4087 | D:3      | Killed Robin
  4087 | D:3      | Reached skill level 8 in Conjurations
  4391 | D:3      | Killed Jessica
  4734 | D:4      | Your scales start taking on a golden yellow colour.
  4734 | D:4      | Reached XP level 7. HP: 50/50 MP: 6/10
  4809 | D:4      | Found a staircase to the Ecumenical Temple.
  4819 | Temple   | Entered the Ecumenical Temple
  4881 | Temple   | Became a worshipper of Vehumet
  5090 | D:4      | Noticed Duvessa
  5090 | D:4      | Noticed Dowan
  5787 | D:5      | Entered Level 5 of the Dungeon
  5967 | D:5      | Reached skill level 9 in Conjurations
  6217 | D:5      | Acquired Vehumet's first power
  6217 | D:5      | Offered knowledge of Freeze by Vehumet.
  6328 | D:5      | Noticed Prince Ribbit
  6773 | D:5      | Learned a level 4 spell: Iskenderun's Mystic Blast
  6874 | D:5      | Reached XP level 8. HP: 57/57 MP: 6/14
  7091 | D:5      | Noticed alphacentauri's ghost (experienced OpCj)
  7108 | D:5      | Killed from afar by alphacentauri's ghost

Vault maps used:
D:1:      arrival_aquarium_a, dk_noncrumbling_2, minmay_close_crescents
D:2:      xom_butterflies, grunt_gozag_breadcrumbs, minmay_statues_item
D:3:      portal_sewer_entry_b, uniq_iyjb, uniq_grinder, uniq_robin,
          uniq_jessica
D:4:      minmay_temple_entry_glass, first_bread, uniq_duvessa
D:5:      overflow_temple_1_default, hangedman_abyss_or_decor_slice,
          trog_hazing_becter, uniq_prince_ribbit1
Temple:   nicolae_temple_elliptical
Sewer:    sewer_co_cracked_pipes

Action                   |  1- 3 |  4- 6 |  7- 9 || total
-------------------------+-------+-------+-------++-------
Melee: Unarmed           |     1 |       |       ||     1
       Short sword       |     7 |    45 |    16 ||    68
 Cast: Magic Dart        |    92 |   113 |   118 ||   323
       Searing Ray       |       |     3 |     2 ||     5
       Dazzling Spray    |       |     2 |       ||     2
       Iskenderun's Myst |       |       |     6 ||     6
 Abil: Spit Acid         |       |       |     4 ||     4
Evoke: Wand              |       |       |     1 ||     1
  Use: Potion            |       |     6 |       ||     6
       Scroll            |       |     4 |     3 ||     7
  Eat: Chunk             |     5 |     9 |     4 ||    18
       Meat ration       |       |       |     1 ||     1
       Pizza             |       |       |     1 ||     1
